 Dungeon Crawl Stone Soup version 0.30.0-29-ga12c61a403 (webtiles) character file.

Game seed: 3704489767731481842

107 qw the Chopper (level 4, -2/28 HPs)
             Began as a Gargoyle Fighter on June 4, 2023.
             Slain by Natasha (6 damage)
             ... on level 2 of the Dungeon.
             The game lasted 00:00:50 (1200 turns).

qw the Chopper (Gargoyle Fighter)                   Turns: 1200, Time: 00:00:51

Health: -2/28      AC:  0    Str: 21    XL:     4   Next: 86%
Magic:  4/4        EV: 17    Int:  9    God:
Gold:   10         SH:  0    Dex: 14    Spells: 3/3 levels left

rFire   . . .        Y - melded +0 war axe
rCold   . . .        c - melded +0 buckler
rNeg    + . .        i - melded +0 chain mail
rPois   inf          (helmet currently unavailable)
rElec   .            (cloak currently unavailable)
rCorr   .            (gloves currently unavailable)
SInv    .            (boots currently unavailable)
Will    .....        (no amulet)
Stlth   +            (ring currently unavailable)
HPRegen 0.24/turn    (ring currently unavailable)
MPRegen 0.09/turn

%: no passive effects
@: bat-form, flying, very quick
A: fast, flying, no casting, sickness immunity, AC +3, tiny, negative energy
resistance 1, (electricity resistance), torment resistance 1, petrification
resistance
a: no special abilities


You were on level 2 of the Dungeon.
You were a bat.
You visited 1 branch of the dungeon, and saw 2 of its levels.

You collected 76 gold pieces.
You spent 66 gold pieces at shops.


Innate Abilities, Weirdness & Mutations

You are a bat.
You are tiny and dextrous.
You move quickly.
You are flying.
Your equipment is almost entirely melded.
You are incapable of wielding weapons or throwing items.
You cannot cast spells.
You are immune to sickness and miasma.
((Your stone body is resilient. (AC +3)))
You are immune to poison.
You resist negative energy. (rN+)
((You are resistant to electric shocks. (rElec)))
You are resistant to unholy torment.
You are immune to petrification.


   Skills:
 - Level 3.2 Fighting
 - Level 4.4 Axes
 - Level 3.2 Armour
 + Level 0.0 Dodging
 - Level 3.2 Shields


You had 3 spell levels left.
You didn't know any spells.
Your spell library was empty.

Inventory:

Hand Weapons
 b - a +0 whip
 Y - a +0 war axe (melded)
Armour
 c - a +0 buckler (melded)
 i - a +0 chain mail (melded)
Jewellery
 g - an amulet of faith
Scrolls
 a - 3 scrolls of identify
 e - a scroll of enchant weapon {unknown}
 h - a scroll of teleportation {unknown}
Potions
 d - a potion of might
 f - 2 potions of curing

Dungeon Overview and Level Annotations

Branches:
Dungeon (2/15)

Altars:

Shops:
D:2 ?!

Annotations:
D:2 Natasha


Message History

Natasha zaps a wand.
You resist with some effort. Natasha casts a spell at you.
The magic dart hits you but does no damage.
You see here a scroll labelled JEFICSO CENWIR.
Natasha mumbles some strange words.
You feel troubled.
You hit Natasha.
Natasha is lightly wounded.
Natasha stares at you and mumbles some strange words.
You resist with some effort.
Natasha zaps a wand.
You resist with some effort.
You hit Natasha.
Natasha is moderately wounded.
Natasha claws you.
Natasha zaps a wand.
You turn into a bat.
Your +0 war axe melds into your body.
Your +0 buckler melds into your body.
Your +0 chain mail melds into your body.
You hit Natasha but do no damage.
Natasha is moderately wounded.
Natasha misses you. x2
You barely miss Natasha.
Natasha is moderately wounded.
Natasha stares at you and mumbles some strange words.
You resist with some effort.
You closely miss Natasha.
Natasha is moderately wounded.
Natasha claws you. Natasha casts a spell at you. The magic dart hits you.
You barely miss Natasha.
Natasha is moderately wounded.
Natasha claws you!
You closely miss Natasha.
Natasha is moderately wounded.
Natasha closely misses you. Natasha barely misses you.
You hit Natasha but do no damage.
Natasha is moderately wounded.
Natasha claws you.
You hit Natasha.
Natasha is moderately wounded.
Natasha claws you.
You die...

##..# #.... .# #....
#..#.#.# ..#.....#.###
.......###......
....#.....#.#.# #
#......#.....# #
#.#.#......# #
####.h...#.#..# #
#....b.#......# #####
#.(..?......#.####....
#......#.#............
#....)......##.###....
#.....##.##.##.# #####
########.##....# #
#.####..# # ... #..# #
#.. ...# #


You could see Natasha (fast).

Vanquished Creatures
  Natasha (twice) (D:2)
  An adder (D:2)
  A worm (D:2)
  2 dart slugs
  4 bats
  7 endoplasms
  A giant cockroach (D:2)
  2 goblins (D:1)
  5 hobgoblins
  A quokka (D:1)
  2 ball pythons (D:1)
  2 frilled lizards (D:1)
  4 kobolds
  8 rats
42 creatures vanquished.

Notes
Turn   | Place    | Note
-------+----------+-------------------------------------------
     0 | D:1      | qw the Gargoyle Fighter began the quest for the Orb.
     0 | D:1      | Reached XP level 1. HP: 14/14 MP: 1/1
     0 | D:1      | 0 ||| qw: Version: 0.2-a-107-g4668610
     0 | D:1      | 0 ||| qw: Game counter: 1243
     0 | D:1      | 0 ||| qw: Always use a shield: true
     0 | D:1      | 0 ||| qw: God list: Okawaru
     0 | D:1      | 0 ||| qw: Allow faded altars: false
     0 | D:1      | 0 ||| qw: Do Orc after D:15 true
     0 | D:1      | 0 ||| qw: Do second Lair branch before Depths: true
     0 | D:1      | 0 ||| qw: Lair rune preference: random
     0 | D:1      | 0 ||| qw: Plans: Normal, Zot:1-4, Slime:5, God:TSO, Crypt,
                  | Tomb, Abyss, Pan, Hells, Win
     0 | D:1      | 0 ||| PLANNING D:1-11
    35 | D:1      | Reached skill level 2 in Axes
    98 | D:1      | Reached XP level 2. HP: 19/19 MP: 2/2
   246 | D:1      | 246 ||| Stepping ~*~*~tactically~*~*~ (stealth).
   257 | D:1      | Reached skill level 3 in Axes
   260 | D:1      | Reached XP level 3. HP: 23/23 MP: 3/3
   387 | D:1      | 387 ||| Stepping ~*~*~tactically~*~*~ (stealth).
   388 | D:1      | 388 ||| Stepping ~*~*~tactically~*~*~ (stealth).
   521 | D:1      | 521 ||| UPGRADING to +0 chain mail.
   531 | D:1      | 531 ||| DROPPING +0 scale mail.
   532 | D:1      | 532 ||| READING 4 scrolls labelled XITHRU MEOSHOE.
   533 | D:1      | 533 ||| READING scroll labelled PUSEOX UFAZ.
   534 | D:1      | 534 ||| READING scroll labelled LINLYP XIXEDI.
   614 | D:2      | 614 ||| Stepping ~*~*~tactically~*~*~ (hiding).
   615 | D:2      | 615 ||| Stepping ~*~*~tactically~*~*~ (hiding).
   629 | D:2      | 629 ||| Stepping ~*~*~tactically~*~*~ (stealth).
   630 | D:2      | 630 ||| Stepping ~*~*~tactically~*~*~ (stealth).
   641 | D:2      | 641 ||| DROPPING +0 club.
   766 | D:2      | Noticed Natasha
   768 | D:2      | 768 ||| Stepping ~*~*~tactically~*~*~ (hiding).
   776 | D:2      | Killed Natasha
   777 | D:2      | Reached skill level 4 in Axes
   777 | D:2      | Reached XP level 4. HP: 17/28 MP: 4/4
   866 | D:2      | Noticed Natasha
   880 | D:2      | Killed Natasha
   914 | D:2      | Found Soc Ozu's Distillery.
   919 | D:2      | 919 ||| BUYING 2 potions of curing (66 gold).
   919 | D:2      | Bought 2 potions of curing for 66 gold pieces
   919 | D:2      | 919 ||| SHOPLISTING potion of attraction (33 gold, have 0).
   919 | D:2      | 919 ||| SHOPLISTING potion of curing (33 gold, have 0).
   919 | D:2      | 919 ||| SHOPLISTING potion of heal wounds (55 gold, have
                  | 0).
   919 | D:2      | 919 ||| SHOPLISTING potion of lignification (33 gold, have
                  | 0).
   919 | D:2      | 919 ||| SHOPLISTING potion of might (44 gold, have 0).
  1055 | D:2      | Found The Oracle's Delphic Readings.
  1059 | D:2      | 1059 ||| SHOPLISTING 2 scrolls of identify (40 gold, have
                  | 10).
  1059 | D:2      | 1059 ||| SHOPLISTING scroll of enchant armour (75 gold,
                  | have 10).
  1059 | D:2      | 1059 ||| SHOPLISTING scroll of identify (20 gold, have 10).
  1059 | D:2      | 1059 ||| SHOPLISTING scroll of teleportation (30 gold, have
                  | 10).
  1185 | D:2      | Noticed Natasha
  1186 | D:2      | 1186 ||| Stepping ~*~*~tactically~*~*~ (stealth).
  1188 | D:2      | 1188 ||| Stepping ~*~*~tactically~*~*~ (hiding).
  1189 | D:2      | 1189 ||| Stepping ~*~*~tactically~*~*~ (hiding).
  1199 | D:2      | HP: 4/28 [Natasha (6)]
  1200 | D:2      | Slain by Natasha

Levels and vault maps discovered:
D:1:      lightli_arrival_maybe_door_vault, layout_basic
D:2:      layout_loops_cross, serial_shops, nicolae_shop_real_fake_doors,
          hangedman_decor_points, chequers_serial_rivers_micro_b, minivault_19,
          nicolae_nh_oracle_at_delphi, uniq_natasha

Skill      XL: |  1  2  3 |
---------------+----------+-----
Axes           | 2 3 4 |  4.4
Fighting       | |  3.2
Armour         | |  3.2
Shields        | |  3.2

Action                     |  1- 3 |  4- 6 || total
---------------------------+-------+-------++-------
  Melee: War axe           |    87 |    32 ||   119
         Unarmed           |       |     7 ||     7
    Use: Scroll            |     3 |       ||     3
 Armour: Scale mail        |    20 |       ||    20
         Chain mail        |    23 |    14 ||    37
  Dodge: Dodged            |    31 |    11 ||    42
  Block: Buckler           |     9 |     4 ||    13

Table legend:
 A = Non-vault XP
 B = Vault XP
 C = Vault XP percentage of total XP
 D = Non-vault monster count
 E = Vault monster count
 F = Vault count percentage of total count
                 A         B        C        D         E       F
            +---------+---------+-------+---------+---------+-------
      Total |     112 |      42 |  27.3 |      39 |       3 |   7.1
            +---------+---------+-------+---------+---------+-------
        D:1 |      44 |       0 |   0.0 |      28 |       0 |   0.0
        D:2 |      68 |      42 |  38.2 |      11 |       3 |  21.4
            +---------+---------+-------+---------+---------+-------
